 Dungeon Crawl Stone Soup version 0.30-a0-757-ga6a79fd877 (webtiles) character file.

Game seed: 12540359341310086666

140 testman the Stinger (level 5, -1/35 HPs)
             Began as a Demonspawn Venom Mage on Feb 9, 2023.
             Slain by Ijyb
             ... wielding a +0 dagger
              (5 damage)
             ... on level 3 of the Dungeon.
             The game lasted 00:14:08 (2452 turns).

testman the Stinger (Demonspawn Venom Mage)         Turns: 2452, Time: 00:14:08

Health: -1/35      AC:  2    Str:  8    XL:     5   Next: 2%
Magic:  2/9        EV: 17    Int: 19    God:
Gold:   130        SH:  0    Dex: 13    Spells: 3/9 levels left

rFire   . . .      SeeInvis .    e - +0 dagger
rCold   . . .      Faith    .    (no shield)
rNeg    . . .      Spirit   .    a - +0 robe
rPois   +          Reflect  .    (helmet restricted)
rElec   .          Harm     .    (no cloak)
rCorr   .          Rampage  .    (no gloves)
Will    .....                    (no boots)
Stlth   +                        (no amulet)
HPRegen 0.25/turn                c - +5 ring of evasion
MPRegen 0.11/turn                k - ring of poison resistance

@: confused
A: antennae 2, foul stench 1, demonic touch 1
a: no special abilities


You were on level 3 of the Dungeon.
You visited 1 branch of the dungeon, and saw 3 of its levels.
You also visited: Sewer.

You collected 130 gold pieces.

Inventory:

Hand Weapons
 e - a +0 dagger (weapon)
Armour
 a - a +0 robe (worn)
Jewellery
 c - a +5 ring of evasion (left hand)
 d - a ring of ice
 k - a ring of poison resistance (right hand)
 o - a ring of see invisible
Scrolls
 f - 6 scrolls of teleportation {unknown}
 g - 6 scrolls of identify {unknown}
 i - a scroll of brand weapon {unknown}
 j - a scroll of silence {unknown}
 l - a scroll of blinking {unknown}
 m - 2 scrolls of magic mapping {unknown}
 r - a scroll of fear {unknown}
 t - 2 scrolls of butterflies {unknown}
 x - a scroll of acquirement {unknown}
Potions
 b - a potion of magic
 h - 3 potions of curing {unknown}
 n - 2 potions of lignification {unknown}
 p - 2 potions of heal wounds {unknown}
 q - a potion of might {unknown}
 s - a potion of brilliance {unknown}
 u - a potion of invisibility {unknown}
 v - a potion of ambrosia {unknown}
 w - a potion of attraction {unknown}


   Skills:
 - Level 1.7 Dodging
 - Level 1.7 Stealth
 + Level 2.9 Spellcasting
 - Level 2.0 Conjurations
 - Level 1.0 Transmutations
 - Level 2.0 Air Magic
 + Level 3.8 Poison Magic


You had 3 spell levels left.
You knew the following spells:

 Your Spells              Type           Power      Damage    Failure   Level
a - Sting                 Tmut/Pois      48%        1d5       5%          1
b - Poisonous Vapours     Pois/Air       28%        N/A       7%          2
c - Mephitic Cloud        Conj/Pois/Air  12%        N/A       16%         3

Your spell library contained the following spells:

 Spells                   Type           Power      Damage    Failure   Level
 Magic Dart               Conj           40%        1d5       7%          1
 Searing Ray              Conj           20%        2d5       11%         2
 Olgreb's Toxic Radiance  Pois           17%        N/A       30%         4
 Fulminant Prism          Conj/Hex       3%         3d5       71%         4


Dungeon Overview and Level Annotations

Branches:
Dungeon (3/15)              Sewer (visited)

Altars:

Shops:
D:3 *

Annotations:
D:3 Ijyb, Robin


Innate Abilities, Weirdness & Mutations

You have a pair of antennae on your head.
You may rarely emit foul miasma when damaged in melee.
Your touch may inflict minor irresistible damage on your foes.


Message History

Robin is lightly wounded.
The goblin hits you with a +0 club.
* * * LOW HITPOINT WARNING * * *
You barely miss Robin.
Robin is lightly wounded.
Robin looks more healthy.
Ijyb screams, "It's all mine!"
The goblin barely misses you.
You hit Robin.
Robin is lightly wounded.
Robin roars a battlecry!
The goblins go into a battle-frenzy!
The goblin barely misses you.
You barely miss Robin.
You touch Robin!
Robin is severely wounded.
The goblin hits you but does no damage.
An orc comes into view. It is wielding a +0 flail.
You closely miss Ijyb. The goblin closely misses you.
Aiming: Sting (safe; 5% risk of failure)
Press: ? - help, Q - select action, (/) - cycle Shift-Dir - straight line, f - Ijyb
Aim: Ijyb, wielding a +0 dagger, wearing a +3 ring mail of poison resistance and carrying a wand of charming (4) (strong, 68% to hit)
The sting misses Ijyb.
The sting hits the goblin.
The goblin is poisoned.
You kill the goblin!
Ijyb zaps a wand.
Your will is overpowered!
You are confused.
The goblin completely misses you.
You're too confused to cast spells.
You're too confused to cast spells.
You're too confused to move!
The goblin no longer looks unusually strong.
Ijyb barely misses you. The goblin hits you with a +0 club.
* * * LOW HITPOINT WARNING * * *
You bump into the rock wall.
Ijyb zaps a wand.
Your will is overpowered!
You are more confused.
The goblin misses you.
You miss Ijyb. Your touch misses Ijyb.
Ijyb zaps a wand.
Your will is overpowered!
You are more confused.
The goblin barely misses you.
You miss Ijyb. Your touch misses Ijyb. Ijyb hits you with a +0 dagger.
You die...

#.$..# #..# #.. )...#
##..########.. #..#
#.....†.......
..#####..###.....######..
gg...)............>..>...
#..g.....##.##......
#{ogg..)...........#
#{#g####.##.##.##..#
#.#@# #.##.##.##.##
..####.#g# #.##.##.##.#
.........# #.##.##.##.#
######.### #.##..#.##.#
#.. #.##.......# #.#
#.##.......# #.
####.##.......# #.
#.............# #
#.#####.......#


You could see Ijyb (strong), an orc, a hobgoblin (strong) and 3 goblins.

Vanquished Creatures
  A hell rat (Sewer)
  2 adders
  3 river rats (Sewer)
  2 worms (D:2)
  4 ball pythons
  6 bats
  2 endoplasms
  A giant cockroach (D:3)
  11 goblins
  5 hobgoblins
  4 jackals (D:3)
  5 kobolds
  3 quokkas
  6 frilled lizards
  13 rats
68 creatures vanquished.

Notes
Turn   | Place    | Note
-------+----------+-------------------------------------------
     0 | D:1      | testman the Demonspawn Venom Mage began the quest for the
                  | Orb.
     0 | D:1      | Reached XP level 1. HP: 13/13 MP: 3/3
    37 | D:1      | Reached skill level 1 in Transmutations
   210 | D:1      | Reached skill level 1 in Air Magic
   307 | D:1      | Discovered your monstrous ancestry.
   307 | D:1      | Gained mutation: You have a pair of small antennae on your
                  | head. [demonic ancestry]
   307 | D:1      | Reached XP level 2. HP: 19/19 MP: 5/5
   310 | D:1      | Learned a level 2 spell: Poisonous Vapours
   827 | D:2      | Reached skill level 1 in Conjurations
   948 | D:2      | Gained mutation: You have a pair of antennae on your head.
                  | [demonic ancestry]
   948 | D:2      | Reached XP level 3. HP: 24/24 MP: 3/6
   956 | D:2      | Learned a level 3 spell: Mephitic Cloud
  1815 | D:3      | Found a glowing drain.
  1841 | Sewer    | Entered a sewer
  1859 | Sewer    | Gained mutation: Your touch may inflict minor irresistible
                  | damage on your foes. [demonic ancestry]
  1859 | Sewer    | Reached XP level 4. HP: 17/30 MP: 1/7
  2416 | D:3      | Found Zoduatir's General Store.
  2424 | D:3      | Noticed Robin
  2437 | D:3      | Gained mutation: You may rarely emit foul miasma when
                  | damaged in melee. [demonic ancestry]
  2437 | D:3      | Reached XP level 5. HP: 14/35 MP: 1/9
  2442 | D:3      | Noticed Ijyb
  2452 | D:3      | Slain by Ijyb

Illustrated notes

Levels and vault maps discovered:
D:1:      ebering_trefoil_3fold, layout_rooms
D:2:      layout_loops_ring, minmay_large_rounded_square, kennysheep_nub,
          skrybe_limestone_x, minmay_tall_x
D:3:      layout_loops_ring, serial_shops, shop, cheibrodos_sewer_entry_drain,
          chequers_serial_rivers_room_a, minmay_pentomino_pile, uniq_ijyb,
          uniq_robin

Skill      XL: |  1  2  3  4 |
---------------+-------------+-----
Transmutations | 1 |  1.0
Air Magic      | 1 2 |  2.0
Conjurations   | 1 2 |  2.0
Dodging        | |  1.7
Stealth        | |  1.7
Spellcasting   | |  2.9
Poison Magic   | |  3.8

Action                     |  1- 3 |  4- 6 || total
---------------------------+-------+-------++-------
  Melee: Dagger            |   100 |    46 ||   146
         Punch             |     2 |       ||     2
         Touch             |       |     7 ||     7
   Cast: Sting             |    62 |    32 ||    94
         Poisonous Vapours |       |     2 ||     2
   Stab: Sleeping          |     7 |     4 ||    11
 Armour: Robe              |    16 |     4 ||    20
  Dodge: Dodged            |   153 |    59 ||   212

Table legend: (Time is in decaauts)
 A = Elapsed time spent in this place.
 B = Non-inter-level travel time spent in this place.
 C = Inter-level travel time spent in this place.
 D = Time resting spent in this place.
 E = Time spent auto-exploring this place.
 F = Levels seen in this place.
 G = Mean time per level.
                   A        B        C        D        E       F      G
               +--------+--------+--------+--------+--------+-----+--------+
         Total |   2462 |   2388 |     74 |     87 |   1671 |   4 |  615.5 |
       Dungeon |   2156 |   2082 |     74 |     27 |   1537 |   3 |  718.7 |
         Sewer |    305 |    305 |      0 |     60 |    134 |   1 |  305.0 |
               +--------+--------+--------+--------+--------+-----+--------+

Top non-repeatable levels by time:
     D:2: 1057 daAuts
     D:1: 755 daAuts
     D:3: 343 daAuts
   Sewer: 305 daAuts
